 Dungeon Crawl Stone Soup version 0.30-a0-125-g51eefa89be (webtiles) character file.

Game seed: 3571375023512748090

41 enile the Shield-Bearer (level 3, 0/30 HPs)
             Began as a Formicid Fighter on Sept 18, 2022.
             Was a Follower of Nemelex Xobeh.
             Slain by a gnoll
             ... wielding a +0 whip
              (3 damage)
             ... on level 1 of the Dungeon.
             The game lasted 00:01:53 (1119 turns).

enile the Shield-Bearer (Formicid Fighter)          Turns: 1119, Time: 00:01:53

Health: 0/30       AC:  6    Str: 24    XL:     3   Next: 75%
Magic:  3/3        EV: 10    Int:  6    God:    Nemelex Xobeh [*.....]
Gold:   43         SH:  5    Dex: 14    Spells: 2/2 levels left

rFire   + . .      SeeInvis +    i - +2 sling (flame)
rCold   + . .      Faith    .    c - +0 buckler
rNeg    . . .      Spirit   .    b - +0 scale mail
rPois   +          Reflect  .    (helmet unavailable)
rElec   +          Harm     .    (no cloak)
rCorr   +          Rampage  .    (no gloves)
Will    .....                    (no boots)
Stlth   +.........               (no amulet)
HPRegen 0.10/turn                (no ring)
MPRegen 0.08/turn                (no ring)

@: resistant
A: permanent stasis, dig shafts and tunnels, antennae 3, four strong arms,
strong 1, subdued magic 1
a: Dig, Shaft Self, Renounce Religion, Draw Escape, Draw Destruction, Draw
Summoning


You were on level 1 of the Dungeon.
You worshipped Nemelex Xobeh.
Nemelex Xobeh was aware of your devotion.
You visited 1 branch of the dungeon, and saw 2 of its levels.

You collected 43 gold pieces.

Inventory:

Hand Weapons
 a - a +0 quarterstaff
 i - a +2 sling of flaming (weapon)
Armour
 b - a +0 scale mail (worn)
 c - a +0 buckler (worn)
Jewellery
 g - a ring of ice
 h - a ring of flight
Scrolls
 e - a scroll of poison
 k - a scroll of enchant armour {unknown}
Potions
 d - a potion of might
 m - a potion of haste


   Skills:
 - Level 4.0 Fighting
 - Level 2.0 Staves
 - Level 1.0 Ranged Weapons
 - Level 3.2 Armour
 - Level 1.0 Dodging
 - Level 2.0 Stealth
 - Level 4.0 Shields
 + Level 0.0 Invocations


You had 2 spell levels left.
You didn't know any spells.
Your spell library was empty.

Dungeon Overview and Level Annotations

Branches:
Dungeon (2/15)

Altars:
Nemelex Xobeh


Innate Abilities, Weirdness & Mutations

You cannot be hasted, slowed, berserked, paralysed or teleported.
You can dig through walls and to a lower floor.
You have a pair of large antennae on your head. (SInv)
Your four strong arms can wield two-handed weapons with a shield.
Your muscles are strong. (Str +4, Int/Dex -1)
Your spells are a little easier to cast, but a little less powerful.


Message History

A gnoll comes into view. It is wielding a +0 flail.
You block the gnoll's attack.
The gnoll throws a stone.
The stone hits you.
The gnoll throws a throwing net.
The throwing net barely misses you.
There is a stone staircase leading up here.
You see here a throwing net.
n - a throwing net The gnoll barely misses you.
The gnoll hits you from afar with a +0 spear.
You climb upwards.
There is a stone staircase leading down here.
You shoot a sling bullet. The sling bullet hits the gnoll.
The sling bullet burns the gnoll.
The gnoll is lightly wounded.
The gnoll hits you with a +0 whip. x2
Okay, then.
Throw: throwing net
Press: ? - help, Q - select action, (/) - cycle Shift-Dir - straight line, f/p - gnoll
Aim: a gnoll, wielding a +0 whip (lightly wounded, 64% to hit)
You throw a throwing net.
The throwing net barely misses the gnoll.
The gnoll hits you with a +0 whip.
* * * LOW HITPOINT WARNING * * *
Okay, then.
Okay, then.
As you read the scroll labelled TEOVOU MUULO, it crumbles to dust.
You feel a strange sense of stasis.
It was a scroll of teleportation.
The gnoll hits you with a +0 whip.
* * * LOW HITPOINT WARNING * * *
It was a potion of haste.
Your stasis prevents you from being hasted.
The gnoll closely misses you.
It was a potion of resistance.
You feel protected. The gnoll hits you with a +0 whip.
* * * LOW HITPOINT WARNING * * *
It was a potion of mutation.
You feel extremely strange.
You feel stronger.
Your connection to magic feels subdued.
The gnoll hits you with a +0 whip.
You die...
Your body disappears without a glow.

#####.#..#......#......##.#
#.#.##...##.###.#####.#
#.....(.........# #.#
###.##...##.##### ###.#
#.####......(# #...# #.#
#.......# #...# #.#
#.......# #...# #.#
#...g...# ##.## #.#
#....@..# ##.# ###.#
#.......# #.># #...#
#.......# #.## #...#
##'''#### #.# #...#
##8...8## #.#
##.####.......## ###
♣#####.........#####♣
♣.......8...8.......♣
♣♣.................♣♣


You could see a gnoll.

Vanquished Creatures
  An adder (D:2)
  A worm (D:2)
  2 endoplasms
  A giant cockroach (D:2)
  2 goblins (D:1)
  5 hobgoblins (D:1)
  2 kobolds
  A quokka (D:1)
  3 ball pythons
  4 bats
  2 frilled lizards (D:1)
  3 rats
27 creatures vanquished.

Notes
Turn   | Place    | Note
-------+----------+-------------------------------------------
     0 | D:1      | enile the Formicid Fighter began the quest for the Orb.
     0 | D:1      | Reached XP level 1. HP: 18/18 MP: 1/1
   118 | D:1      | Reached skill level 1 in Dodging
   307 | D:1      | Reached XP level 2. HP: 24/24 MP: 2/2
   548 | D:1      | Found a faded altar of an unknown god.
   793 | D:1      | Prayed at the altar of an unknown god.
   793 | D:1      | Became a worshipper of Nemelex Xobeh the Trickster
   793 | D:1      | Reached * piety under Nemelex Xobeh
   827 | D:2      | Reached skill level 1 in Stealth
   827 | D:2      | Reached XP level 3. HP: 30/30 MP: 3/3
  1097 | D:2      | Reached skill level 1 in Ranged Weapons
  1119 | D:1      | Gained mutation: Your muscles are strong. (Str +4, Int/Dex
                  | -1) [potion of mutation]
  1119 | D:1      | Gained mutation: Your spells are a little easier to cast,
                  | but a little less powerful. [potion of mutation]
  1119 | D:1      | Slain by a gnoll

Illustrated notes

Levels and vault maps discovered:
D:1:      kennysheep_arrival_forest, layout_loops_cross,
          ebering_ecumenical_altar_mist
D:2:      layout_loops_ring, dk_vineyard_3, uniq_jessica, uniq_natasha

Skill      XL: |  1  2  3 |
---------------+----------+-----
Dodging        | 1 |  1.0
Fighting       | 4 |  4.0
Stealth        | 1 2 |  2.0
Ranged Weapons | 1 |  1.0
Staves         | |  2.0
Armour         | |  3.2
Shields        | |  4.0

Action                   || total
-------------------------++-------
Melee: Quarterstaff      ||    23
 Fire: Sling             ||    61
Throw: Throwing net      ||     1
  Use: Scroll            ||     3
       Potion            ||     3
Armor: Scale mail        ||    26
Dodge: Dodged            ||    27
Block: Buckler           ||     8

Table legend: (Time is in decaauts)
 A = Elapsed time spent in this place.
 B = Non-inter-level travel time spent in this place.
 C = Inter-level travel time spent in this place.
 D = Time resting spent in this place.
 E = Time spent auto-exploring this place.
 F = Levels seen in this place.
 G = Mean time per level.
                   A        B        C        D        E       F      G
               +--------+--------+--------+--------+--------+-----+--------+
         Total |   1159 |   1077 |     82 |      0 |    870 |   2 |  579.5 |
       Dungeon |   1159 |   1077 |     82 |      0 |    870 |   2 |  579.5 |
               +--------+--------+--------+--------+--------+-----+--------+

Top non-repeatable levels by time:
     D:1: 844 daAuts
     D:2: 314 daAuts
